 Dungeon Crawl Stone Soup version 0.30-a0-605-gb2882149bf (webtiles) character file.

Game seed: 16313646216494777422

228 flotson the Sneak (level 5, -5/42 HPs)
             Began as a Demonspawn Delver on Jan 7, 2023.
             Killed from afar by a steam dragon (15 damage)
             ... with a ball of steam
             ... on level 4 of the Dungeon.
             The game lasted 00:05:15 (2795 turns).

flotson the Sneak (Demonspawn Delver)               Turns: 2795, Time: 00:05:15

Health: -5/42      AC: 10    Str: 17    XL:     5   Next: 71%
Magic:  5/5        EV: 12    Int: 15    God:
Gold:   148        SH:  0    Dex: 15    Spells: 4/4 levels left

rFire   . . .      SeeInvis .    o - +0 quarterstaff
rCold   . . .      Faith    .    (shield currently unavailable)
rNeg    . . .      Spirit   .    j - +3 ring mail of the Modern Loafs {*Corrode rElec Str+3 Int+4}
rPois   .          Reflect  .    k - +0 helmet
rElec   +          Harm     .    (no cloak)
rCorr   .          Rampage  .    (no gloves)
Will    .....                    m - +0 pair of boots
Stlth   +++                      (no amulet)
HPRegen 0.27/turn                (no ring)
MPRegen 0.09/turn                (no ring)

@: hasted, very quick
A: ignite blood 1, sturdy frame 1, demonic touch 1
a: no special abilities


You were on level 4 of the Dungeon.
You visited 1 branch of the dungeon, and saw 5 of its levels.

You collected 148 gold pieces.

Inventory:

Hand Weapons
 a - a +0 hand axe
 o - a +0 quarterstaff (weapon)
Missiles
 t - 4 poisoned darts (quivered)
Armour
 j - the +3 ring mail of the Modern Loafs (worn) {*Corrode rElec Str+3 Int+4}
   (You found it on level 2 of the Dungeon)

   Str:       It affects your strength (+3).
   Int:       It affects your intelligence (+4).
   rElec:     It insulates you from electricity.
   *Corrode:  It may corrode you when you take damage.
 k - a +0 helmet (worn)
 m - a +0 pair of boots (worn)
 s - a +0 chain mail of poison resistance
Wands
 e - a wand of roots (11)
 g - a wand of digging (3)
Scrolls
 b - 2 scrolls of identify {unknown}
 d - a scroll of magic mapping
 l - 3 scrolls of vulnerability {unknown}
 n - 2 scrolls of poison {unknown}
 u - a scroll of blinking {unknown}
Potions
 h - a potion of resistance {unknown}
 i - 4 potions of curing {unknown}
 p - a potion of magic {unknown}
 q - a potion of cancellation {unknown}
 r - 3 potions of heal wounds {unknown}


   Skills:
 + Level 3.8 Fighting
 - Level 2.0 Axes
 + Level 1.3 Throwing
 + Level 1.9 Armour
 + Level 2.8 Dodging
 - Level 5.0 Stealth
 + Level 2.2 Evocations


You had 4 spell levels left.
You didn't know any spells.
Your spell library was empty.

Dungeon Overview and Level Annotations

Branches:
Dungeon (5/15)
 Temple: D:4-7

Altars:
Xom

Shops:
D:2 :


Innate Abilities, Weirdness & Mutations

Your demonic aura sometimes causes spilled blood to erupt in flames.
Your movements are slightly less encumbered by armour. (ER -2)
Your touch may inflict minor irresistible damage on your foes.


Message History

The roots erupt in riotous growth!
Roots grab the steam dragon.
The grasping roots constrict the steam dragon.
The steam dragon breathes steam at you. The ball of steam hits you!
The roots lose their grip on something.
You are engulfed in a cloud of scalding steam.
Aiming: Fastroot
Press: ? - help, Shift-Dir - straight line, f/p - steam dragon
Aim: a steam dragon (lightly wounded)
The roots erupt in riotous growth!
Roots grab the steam dragon.
The grasping roots constrict the steam dragon.
The steam dragon struggles to escape constriction.
Throw: 6 darts (poison)
Press: ? - help, Q - select action, (/) - cycle Shift-Dir - straight line, f/p - steam dragon
Aim: a steam dragon (lightly wounded, constricted by roots, 93% to hit)
You throw a poisoned dart.
The poisoned dart hits the steam dragon.
The steam dragon is lightly wounded.
The grasping roots constrict the steam dragon!
The roots release their grip on the steam dragon.
Throw: 5 darts (poison)
Press: ? - help, Q - select action, (/) - cycle Shift-Dir - straight line, f/p - steam dragon
Aim: a steam dragon (moderately wounded, 59% to hit)
You throw a poisoned dart.
The poisoned dart hits the steam dragon.
The steam dragon is poisoned.
The steam dragon is moderately wounded.
The steam dragon breathes steam at you. The ball of steam hits you!
You are engulfed in a cloud of scalding steam.
* * * LOW HITPOINT WARNING * * *
You are engulfed in a cloud of scalding steam.
* * * LOW HITPOINT WARNING * * *
You feel yourself speed up.
As you read the scroll of fog, it crumbles to dust.
The scroll dissolves into smoke.
The steam dragon breathes steam at you. The ball of steam hits you!
You die...

#.. ####....#####. #(#
##.#.# #... #§# #.#.#
#.#. #§# #.#.# #.## #.#
#.#.# #.# #.# #.#.# #.#
#D# #.#. #.# # ##§##
#.#.###.#
#.#§@§######....##.#
#.§§§§.)).....#....#
.>...#§§.##.####...####
...#.##...))#####.## ..
...............# .
##.############## #


You could see a steam dragon (poisoned, catching breath).

Vanquished Creatures
  A phantom (D:4)
  An iguana (D:2)
  7 adders
  2 worms (D:2)
  A dart slug (D:1)
  5 orcs (D:4)
  7 ball pythons
  6 bats
  6 endoplasms
  2 giant cockroaches
  2 goblins (D:3)
  5 hobgoblins
  4 jackals (D:3)
  3 frilled lizards
  2 kobolds
  2 rats
56 creatures vanquished.

Vanquished Creatures (others)
  An iguana (D:3)
  2 adders (D:3)
  A worm (D:3)
  A ball python (D:3)
  A giant cockroach (D:3)
  A rat (D:3)
7 creatures vanquished.

Grand Total: 63 creatures vanquished

Notes
Turn   | Place    | Note
-------+----------+-------------------------------------------
     0 | D:5      | flotson the Demonspawn Delver began the quest for the Orb.
     0 | D:5      | Reached XP level 1. HP: 18/18 MP: 1/1
    91 | D:5      | Noticed a phantom
   157 | D:4      | Noticed a steam dragon
   225 | D:3      | Noticed an iguana
   273 | D:2      | Identified the +3 ring mail of the Modern Loafs {*Corrode
                  | rElec Str+3 Int+4}
   439 | D:1      | Gained mutation: Your demonic aura sometimes causes spilled
                  | blood to erupt in flames. [demonic ancestry]
   439 | D:1      | Reached XP level 2. HP: 24/24 MP: 2/2
  1259 | D:2      | Reached XP level 3. HP: 28/29 MP: 3/3
  1265 | D:2      | Found Macleg's Book Emporium.
  1335 | D:2      | Reached skill level 1 in Evocations
  1497 | D:2      | Reached skill level 1 in Armour
  2006 | D:3      | Gained mutation: Your touch may inflict minor irresistible
                  | damage on your foes. [demonic ancestry]
  2006 | D:3      | Reached XP level 4. HP: 35/35 MP: 4/4
  2317 | D:3      | Found a shimmering altar of Xom.
  2391 | D:3      | Reached skill level 5 in Stealth
  2572 | D:2      | Gained mutation: Your movements are slightly less
                  | encumbered by armour. (ER -2) [demonic ancestry]
  2572 | D:2      | Reached XP level 5. HP: 41/41 MP: 5/5
  2678 | D:4      | Noticed a phantom
  2688 | D:4      | Killed a phantom
  2689 | D:4      | Reached skill level 1 in Throwing
  2795 | D:4      | Killed from afar by a steam dragon

Illustrated notes

Levels and vault maps discovered:
D:1:      dpeg_arrival_round_a, layout_basic, dk_noncrumbling_2,
          hangedman_decor_growths, minmay_tiny_reverse_x
D:2:      layout_loops_ring, serial_shops, shop, chequers_garden,
          kennysheep_another_room, minivault_14
D:3:      layout_rooms, xom_confusion_cloud
D:4:      layout_loops_ring, gammafunk_temple_of_torment,
          gammafunk_temple_overflow_forgotten
D:5:      layout_rooms, grunt_temple_overflow_gold_and_silver,
          general_overflow_altar, mainiacjoe_overflow_surrounded_room,
          temple_statues, serial_corexii_hall, corexii_hall_statues_t,
          corexii_hall_statues_i, chequers_hall_statues_y,
          corexii_hall_statues_u, corexii_hall_statues_t,
          chequers_hall_statues_corner_a, uniq_pikel

Skill      XL: |  1  2  3  4  5 |
---------------+----------------+-----
Dodging        | 2 |  2.8
Axes           | 2 |  2.0
Evocations     | 1 2 |  2.2
Armour         | 1 |  1.9
Stealth        | 5 |  5.0
Throwing       | 1 |  1.3
Fighting       | |  3.8

Action                   |  1- 3 |  4- 6 || total
-------------------------+-------+-------++-------
Melee: Hand axe          |    33 |       ||    33
       Quarterstaff      |    47 |    91 ||   138
Throw: Dart              |       |     2 ||     2
Evoke: Wand              |       |     2 ||     2
  Use: Scroll            |     1 |     1 ||     2
       Potion            |       |     1 ||     1
 Stab: Sleeping          |     7 |     4 ||    11
       Distracted        |     1 |       ||     1
Armor: Ring mail         |    35 |    70 ||   105
Dodge: Dodged            |    49 |   107 ||   156

Table legend: (Time is in decaauts)
 A = Elapsed time spent in this place.
 B = Non-inter-level travel time spent in this place.
 C = Inter-level travel time spent in this place.
 D = Time resting spent in this place.
 E = Time spent auto-exploring this place.
 F = Levels seen in this place.
 G = Mean time per level.
                   A        B        C        D        E       F      G
               +--------+--------+--------+--------+--------+-----+--------+
         Total |   2845 |   2729 |    116 |    103 |   1922 |   5 |  569.0 |
       Dungeon |   2845 |   2729 |    116 |    103 |   1922 |   5 |  569.0 |
               +--------+--------+--------+--------+--------+-----+--------+

Top non-repeatable levels by time:
     D:2: 888 daAuts
     D:1: 822 daAuts
     D:3: 737 daAuts
     D:4: 272 daAuts
     D:5: 124 daAuts
